 Dungeon Crawl Stone Soup version 0.24-a0-179-g7a2c91a (console) character file.

Game seed: 9795409199442548954

205 Duffy the Insei (level 5, -3/33 HPs)
             Began as an Octopode Transmuter on Mar 13, 2019.
             Killed by divine providence
             ... invoked by an orc priest
              (16 damage)
             ... on level 4 of the Dungeon.
             The game lasted 00:03:03 (3157 turns).

Duffy the Insei (Octopode Transmuter)               Turns: 3157, Time: 00:03:04

Health: -3/33      AC:  4    Str:  9    XL:     5   Next: 83%
Magic:  10/10      EV: 13    Int: 16    God:
Gold:   233        SH:  0    Dex: 13    Spells: 4/10 levels left

rFire    + . .     SeeInvis .     - Unarmed
rCold    . . .     Gourm    .   (no shield)
rNeg     . . .     Faith    .   (helmet restricted)
rPois    .         Spirit   .   (no amulet)
rElec    .         Reflect  .   k - +3 ring of protection
rCorr    .         Harm     .   o - ring of protection from fire
MR       .....                  (no ring)
Stlth    ++........             (no ring)
HPRegen  0.11/turn              (no ring)
MPRegen  0.12/turn              (no ring)
                                (no ring)
                                (no ring)

@: no status effects
A: almost no armour, stealthy swim, amphibious, 8 rings, constrict 8, camouflage
1, gelatinous body 1
a: no special abilities


You were on level 4 of the Dungeon.
You were hungry.

You visited 1 branch of the dungeon, and saw 4 of its levels.

You collected 233 gold pieces.

Inventory:

Missiles
 a - 42 arrows
Jewellery
 i - an uncursed ring of fire
 k - a +3 ring of protection (left tentacle)
 o - a ring of protection from fire (right tentacle)
Scrolls
 b - 4 scrolls of teleportation {unknown}
 d - 2 scrolls of magic mapping {unknown}
 e - a scroll of remove curse {unknown}
 g - a scroll of enchant weapon {unknown}
 h - a scroll of amnesia {unknown}
 m - 2 scrolls of fog {unknown}
 n - a scroll of identify {unknown}
 q - 3 scrolls of enchant armour {unknown}
Potions
 f - a potion of heal wounds {unknown}
 j - a potion of agility
 l - a potion of lignification {unknown}
 r - a potion of berserk rage {unknown}
Comestibles
 c - 3 rations


   Skills:
 - Level 1.0 Fighting
 - Level 2.0 Dodging
 + Level 4.2 Unarmed Combat
 + Level 3.3 Spellcasting
 - Level 3.0 Transmutations
 + Level 2.8 Poison Magic


You had 4 spell levels left.
You knew the following spells:

 Your Spells              Type           Power        Failure   Level  Hunger
h - Spider Form           Tmut/Pois      ##........   16%         3    ###....
j - Sticks to Snakes      Tmut           ##......     8%          2    ##.....
k - Beastly Appendage     Tmut           ##....       5%          1    None

Your spell library contained the following spells:

 Spells                   Type           Power        Failure   Level  Hunger
 Ice Form                 Ice/Tmut       #.......     67%         4    ####...
 Blade Hands              Tmut           ##........   82%         5    ######.


Dungeon Overview and Level Annotations

Branches:
Dungeon (4/15)
 Temple: D:4-7

Altars:


Innate Abilities, Weirdness & Mutations

You cannot wear most types of armour.
You are very stealthy in the water. (Stealth+)
You are amphibious.
You can wear up to eight rings at the same time.
You can use your tentacles to constrict eight enemies at once.
Your skin changes colour to match your surroundings (Stealth+).
Your rubbery body absorbs attacks. (AC +1, EV +1)


Message History

A ball python is nearby!
Found 14 gold pieces.
An orc comes into view. It is wielding a +0 short sword.
Found 16 gold pieces.
An orc wizard comes into view. It is wielding a +0 dagger.
The orc wizard points at you and mumbles some strange words.
The magic dart hits you!
An orc priest comes into view. It is wielding a +0 whip of draining.
The orc priest shouts!
The orc priest invokes the aid of Beogh against you.
Beogh smites you!
The orc wizard casts a spell.
The orc wizard blinks!
You are too injured to fight recklessly!
You are too injured to fight recklessly!
You are too injured to fight recklessly!
The orc shouts!
The orc priest calls down the wrath of Beogh upon you.
Beogh smites you!
You die...

....... o.S....
....o..
$..o...###
.........#
.........#
.........###
#####......#
#..@...# #......#
#......# #......#
#......# ######
#......# #....#
#......#
##.##(#####.#####
#...#.......#


You could see an orc priest, an orc wizard, an orc and a ball python
(wandering).

Vanquished Creatures
  Terence (D:1)
  Natasha (thrice) (D:3)
  3 adders
  An ooze (D:1)
  3 worms (D:3)
  A dart slug (D:2)
  3 leopard geckos (D:1)
  7 bats
  2 giant cockroaches
  4 goblins
  16 hobgoblins
  3 kobolds
  4 frilled lizards
  11 rats
62 creatures vanquished.

Notes
Turn   | Place    | Note
-------+----------+-------------------------------------------
     0 | D:1      | Duffy the Octopode Transmuter began the quest for the Orb.
     0 | D:1      | Reached XP level 1. HP: 13/13 MP: 3/3
   118 | D:1      | Reached XP level 2. HP: 13/18 MP: 5/5
   215 | D:1      | Learned a level 2 spell: Sticks to Snakes
   580 | D:1      | Reached XP level 3. HP: 20/23 MP: 6/6
   585 | D:1      | Learned a level 3 spell: Spider Form
   941 | D:2      | Noticed Terence
  1320 | D:1      | Killed Terence
  1320 | D:1      | Reached skill level 1 in Poison Magic
  1320 | D:1      | Reached XP level 4. HP: 28/28 MP: 3/8
  2303 | D:3      | Reached XP level 5. HP: 18/33 MP: 3/9
  2545 | D:3      | Noticed Natasha
  2558 | D:3      | Killed Natasha
  2558 | D:3      | Reached skill level 4 in Unarmed Combat
  2660 | D:3      | Noticed Natasha
  2674 | D:3      | Killed Natasha
  2728 | D:3      | Noticed Natasha
  2738 | D:3      | Killed Natasha
  3157 | D:4      | Killed from afar by an orc priest

Levels and vault maps discovered:
D:1:      dpeg_arrival_more_subterranean_lakeside_camping, layout_rooms,
          dk_noncrumbling_4
D:2:      layout_rooms, minivault_27, uniq_terence
D:3:      layout_rooms, grunt_decor_one_mirror, bh_walls_and_bars, uniq_natasha
D:4:      layout_basic, first_ration, serial_forest,
          infiniplex_forest_lined_corner, infiniplex_forest_clump_diagonal,
          infiniplex_forest_zigzag_1, infiniplex_forest_lined_3,
          infiniplex_forest_lined_1, infiniplex_forest_clump_small,
          infiniplex_forest_lined_room_3

Skill      XL: |  1  2  3  4  5 |
---------------+----------------+-----
Poison Magic   | 1 2 |  2.8
Transmutations | 3 |  3.0
Spellcasting   | 3 |  3.3
Unarmed Combat | 4 |  4.2
Fighting       | |  1.0
Dodging        | |  2.0

Action                   |  1- 3 |  4- 6 || total
-------------------------+-------+-------++-------
Melee: Unarmed           |    60 |    92 ||   152
       Constrict         |    17 |    16 ||    33
       Tentacles         |    12 |    11 ||    23
       Punch             |       |     1 ||     1
       Kick              |       |     4 ||     4
 Cast: Spider Form       |     2 |     5 ||     7
       Beastly Appendage |       |     2 ||     2
 Stab: Sleeping          |     4 |     3 ||     7
  Eat: Chunk             |     1 |     6 ||     7
Armor: Skin              |     8 |     8 ||    16
Dodge: Dodged            |    69 |    49 ||   118

Table legend:
 A = Non-vault XP
 B = Vault XP
 C = Vault XP percentage of total XP
 D = Non-vault monster count
 E = Vault monster count
 F = Vault count percentage of total count
                 A         B        C        D         E       F
            +---------+---------+-------+---------+---------+-------
      Total |     222 |      71 |  24.2 |      60 |       2 |   3.2
            +---------+---------+-------+---------+---------+-------
        D:1 |      45 |      36 |  44.4 |      21 |       1 |   4.5
        D:2 |      50 |       0 |   0.0 |      21 |       0 |   0.0
        D:3 |     127 |      35 |  21.6 |      18 |       1 |   5.3
            +---------+---------+-------+---------+---------+-------
